AoeStats
← El Diablo

Arabia

508395493Analyzed
1v1 RM · 11d ago on Sep 22, 2026· 22m 13s· 2 players
Game mode
Random Map
Map size
Tiny (2 player)
Population
200
Speed
Normal
Resources
Standard
Victory
Conquest
Starting age
Dark Age
Ending age
Imperial Age
RankedLock teamsTeams togetherTeam positionsShared explorationLock speedFull tech treeHidden civsTurbo modeCheats
Victory
Defeat
🇳🇿 Britons · New Zealand
421
+10
🇬🇧 Burgundians · United Kingdom
278
-10
lisamskelton
10:50 Feudal Age
12:03 Horse Collar
12:12 Double-Bit Axe
El Diablo
7:42 Loom
10:23 Feudal Age
11:16 Double-Bit Axe
13:53 Fletching
15:15 Padded Archer Armor
19:42 Wheelbarrow
21:02 Horse Collar
23:52 Castle Age
Connection lost

Rejoining the realm…

Still unreachable

The connection could not be restored.

Session expired

The server has moved on; the page needs a fresh start.